 Dungeon Crawl Stone Soup version 0.16.1 (webtiles) character file.

174 Fiveotanaka the Cudgeler (level 5, 0/38 HPs)
             Began as a Demonspawn Gladiator on Mar 27, 2015.
             Was an Initiate of Okawaru.
             Slain by a hound skeleton (4 damage)
             ... on level 5 of the Dungeon.
             The game lasted 00:04:00 (1842 turns).

Fiveotanaka the Cudgeler (Demonspawn Gladiator)     Turns: 1842, Time: 00:04:00

Health: 0/38       AC:  4    Str: 15    XL:     5   Next: 28%
Magic:  5/5        EV: 12    Int: 10    God:    Okawaru [......]
Gold:   104        SH:  0    Dex: 16    Spells: 0 memorised, 4 levels left

rFire  . . .     SeeInvis .     a - +0 flail
rCold  . . .     Clarity  .     b - +0 leather armour
rNeg   . . .     SustAb   .     (no shield)
rPois  .         Gourm    .     c - +0 helmet
rElec  .         Spirit   .     (no cloak)
rCorr  .         Warding  .     (no gloves)
rMut   .         Stasis   .     (no boots)
MR     +....                    j - amulet of regeneration
Stlth  ++........               (no ring)
                                r - ring of protection from magic

@: somewhat resistant to hostile enchantments, unstealthy
A: thin skeletal structure 1, spiny 1, rot immunity
a: Renounce Religion


You were on level 5 of the Dungeon.
You worshipped Okawaru.
Okawaru was noncommittal.
You were hungry.

You visited 1 branch of the dungeon, and saw 5 of its levels.

You collected 104 gold pieces.

Inventory:

Hand weapons
 a - a +0 flail (weapon)
Missiles
 d - 4 throwing nets (quivered)
 e - 70 stones
 g - 5 tomahawks
 o - 10 curare-tipped needles
Armour
 b - a +0 leather armour (worn)
 c - a +0 helmet (worn)
Rods
 q - a -3 rod of destruction (12/12)
   (You found it on level 2 of the Dungeon)
Jewellery
 j - an amulet of regeneration (around neck)
 r - a ring of protection from magic (left hand)
Magical devices
 u - a wand of magic darts (20)
Scrolls
 i - a scroll of remove curse {unknown}
 k - 2 scrolls of identify
 l - a scroll of amnesia {unknown}
 n - a scroll of teleportation {unknown}
 t - a scroll of enchant armour {unknown}
Potions
 m - a potion of resistance {unknown}
 v - a potion of cure mutation {unknown}
 w - a potion of brilliance {unknown}
Comestibles
 f - 4 bread rations
 p - a beef jerky
 s - 3 chunks of flesh
 x - a meat ration


   Skills:
 - Level 2.0 Fighting
 + Level 5.5 Maces & Flails
 - Level 1.7 Throwing
 - Level 2.6 Dodging


You had 4 spell levels left.
You didn't know any spells.

Dungeon Overview and Level Annotations

Branches:
Dungeon (6/15)
 Temple: D:4-7

Altars:
Okawaru


Innate Abilities, Weirdness & Mutations

You have a somewhat thin skeletal structure (Dex +2, Stealth).
You are partially covered in sharp spines.
You are immune to rotting.


Message History

The hound is heavily wounded.
The hound bites you.
* * * LOW HITPOINT WARNING * * *
The crimson imp blinks!
The hound closely misses you.
You miss the hound.
The hound is heavily wounded.
The hound misses you.
You hit the hound!
You kill the hound!
Okawaru accepts your kill.
You hit the hound skeleton!
The hound skeleton bites you but does no damage.
The hound skeleton bites you.
* * * LOW HITPOINT WARNING * * *
You hit the hound skeleton. The hound skeleton bites you.
* * * LOW HITPOINT WARNING * * *
You hit the hound skeleton.
The hound skeleton bites you but does no damage.
The hound skeleton bites you.
You die...

...... .......
... .....## ....
..#.## ...# #...#
#... #.>.##..#
#...#...# .
#.<.Z...#.....
#...#@........
...$...#.........
####...#...#....
##.##...# ...
####...# . #####


You could see a hound skeleton.

Vanquished Creatures
  A giant frog (D:6)
  A hound (D:5)
  4 adders
  A giant mite (D:2)
  A worm (D:2)
  2 giant geckos
  An orc (D:3)
  4 bats
  3 giant cockroaches
  4 hobgoblins
  4 kobolds
  An ooze (D:2)
  A quokka (D:2)
  A giant newt (D:2)
  7 goblins
  4 rats
40 creatures vanquished.

Notes
Turn   | Place    | Note
--------------------------------------------------------------
     0 | D:1      | Fiveotanaka, the Demonspawn Gladiator, began the quest for the Orb.
     0 | D:1      | Reached XP level 1. HP: 16/16 MP: 1/1
   382 | D:1      | Found an iron altar of Okawaru.
   394 | D:1      | Became a worshipper of Warmaster Okawaru
   417 | D:1      | Reached skill level 3 in Maces & Flails
   667 | D:1      | Gained mutation: You are partially covered in sharp spines. [demonic ancestry]
   667 | D:1      | Reached XP level 2. HP: 22/22 MP: 2/2
  1211 | D:2      | Gained mutation: You are immune to rotting. [demonic ancestry]
  1211 | D:2      | Reached XP level 3. HP: 24/27 MP: 3/3
  1223 | D:2      | Reached skill level 4 in Maces & Flails
  1638 | D:2      | Reached XP level 4. HP: 28/33 MP: 4/4
  1803 | D:3      | You fall through a shaft for 3 floors!
  1813 | D:6      | Noticed a giant frog
  1823 | D:6      | Killed a giant frog
  1823 | D:6      | Reached skill level 5 in Maces & Flails
  1823 | D:6      | Gained mutation: You have a somewhat thin skeletal structure (Dex +2, Stealth). [demonic ancestry]
  1823 | D:6      | Reached XP level 5. HP: 11/38 MP: 5/5
  1826 | D:6      | Noticed a black bear
  1829 | D:5      | Entered Level 5 of the Dungeon
  1842 | D:5      | Slain by a hound skeleton

Action                   |  1- 3 |  4- 6 || total
-------------------------+-------+-------++-------
Melee: Flail             |   113 |    37 ||   150
  Use: Scroll            |       |     2 ||     2
 Stab: Sleeping          |     1 |       ||     1
  Eat: Chunk             |     3 |       ||     3
